 Dungeon Crawl Stone Soup version 0.21.1-1-g345015f (webtiles) character file.

99385 Mesmaeker13 the Carver (level 15, -13/136 HPs)
             Began as a Demigod Wanderer on Mar 17, 2018.
             Drowned by a water elemental (16 damage)
             ... on level 3 of the Lair of Beasts.
             The game lasted 01:12:30 (36143 turns).

Mesmaeker13 the Carver (Demigod Wanderer)          Turns: 36143, Time: 01:12:32

Health: -13/136    AC: 34    Str: 25    XL:     15   Next: 32%
Magic:  0/24       EV:  9    Int: 17    God:
Gold:   1600       SH:  0    Dex: 18    Spells: 16/21 levels left

rFire    . . .     SeeInvis .   r - +3 scimitar (flame)
rCold    . . .     Gourm    .   P - +0 large shield
rNeg     . . .     Faith    .   E - +10 plate armour {ponderous}
rPois    +         Spirit   +   m - +0 helmet
rElec    .         Reflect  +   c - scarf {Spirit}
rCorr    .         Harm     .   o - +0 pair of gloves
MR       +....                  H - +2 pair of boots {Fly}
Stlth    ..........             C - +3 amulet of reflection
HPRegen  0.32/turn              L - +4 ring of strength
MPRegen  0.19/turn              I - +4 ring of evasion

@: confused, marked, engulfed (cannot breathe), flying, mesmerised, slowed,
glowing, very slow
A: thin metallic scales 1, high mp 1, mutation resistance 1, poison resistance
a: Stop Flying


You were on level 3 of the Lair of Beasts.
You were not hungry.

You visited 5 branches of the dungeon, and saw 25 of its levels.
You also visited: Sewer.

You collected 2504 gold pieces.
You spent 904 gold pieces at shops.

Inventory:

Hand Weapons
 l - a cursed -2 flail
 r - a +3 scimitar of flaming (weapon)
 y - a +0 scimitar
Missiles
 a - 6 javelins
 G - 2 javelins of penetration (quivered)
 M - 5 javelins of returning
Armour
 c - a scarf of spirit shield (worn)
 m - a +0 helmet (worn)
 o - a +0 pair of gloves (worn)
 E - a +10 plate armour of ponderousness (worn)
 H - a +2 pair of boots of flying (worn)
 P - a +0 large shield (worn)
Jewellery
 k - an uncursed amulet of guardian spirit
 C - a +3 amulet of reflection (around neck)
 D - the ring "Bajos" {Ice rElec rN+}
   (You found it on level 4 of the Lair of Beasts)

   [ring of ice]

   It enhances your ice magic.
   It makes you vulnerable to fire.
   It protects you from cold.
   It insulates you from electricity.
   It protects you from negative energy.
 I - a +4 ring of evasion (right hand)
 L - a +4 ring of strength (left hand)
 Z - an uncursed amulet of regeneration
Wands
 j - a wand of iceblast (8)
 A - a wand of acid (9)
 O - a wand of digging (20)
Scrolls
 d - a scroll of brand weapon
 i - 3 scrolls of fog
 p - 10 scrolls of amnesia
 B - 8 scrolls of enchant armour
 F - 3 scrolls of teleportation
 K - 4 scrolls of remove curse
 U - a scroll of fear
 X - 4 scrolls of blinking
Potions
 e - 6 potions of curing
 h - 5 potions of haste
 n - 4 potions of lignification
 q - 3 potions of might
 s - a potion of agility
 t - 2 potions of heal wounds
 u - 8 potions of flight
 x - 2 potions of berserk rage
Miscellaneous
 z - a phantom mirror
Comestibles
 f - 27 rations


   Skills:
 + Level 13.2 Fighting
 + Level 13.3 Long Blades
 + Level 13.2 Armour
 - Level 1.7 Stealth
 + Level 10.8 Shields
 - Level 3.6 Spellcasting
 - Level 4.4 Hexes
 - Level 5.0 Necromancy
   Level 1.0 Earth Magic


You had 16 spell levels left.
You knew the following spells:

 Your Spells              Type           Power        Failure   Level  Hunger
a - Slow                  Hex            ###.....     91%         2    ##.....
b - Regeneration          Chrm/Necr      ##........   100%        3    ###....


Dungeon Overview and Level Annotations

Branches:
Dungeon (15/15)            Temple (0/1) D:6            Lair (6/6) D:8
 Shoals (1/4) Lair:3       Spider (1/4) Lair:3        Slime (0/5) Lair:6
    Orc (2/2) D:11            Elf (0/3) Orc:2        Vaults (0/5) D:14
 Depths (0/5) D:15

Shops:
D:4 !   D:5 %   D:7 :   Orc:2 **([

Portals:
Trove: D:15 (give +2 fire dragon scales)

Annotations:
D:12 1 exclusion
Spider:1 Agnes


Innate Abilities, Weirdness & Mutations

You have an increased reservoir of magic. (+10% MP)
You are partially covered in thin metallic scales. (AC +2)
You are somewhat resistant to further mutation.
Your system is resistant to poisons. (rPois)


Message History

* * * LOW HITPOINT WARNING * * *
Your lungs strain for air!
The faun shoots a stone.
The stone hits you but does no damage. The merfolk barely misses you.
The faun shoots a sling bullet.
The sling bullet barely misses you.
You hear a splash.
The sea snake bites you!
* * * LOW HITPOINT WARNING * * *
The merfolk hits you but does no damage.
The water elemental hits you.
The faun shoots a stone.
The stone hits you.
* * * LOW HITPOINT WARNING * * *
The stone freezes you.
* * * LOW HITPOINT WARNING * * *
The faun shoots a stone.
The stone hits you but does no damage.
The merfolk hits you from afar with a trident!
* * * LOW HITPOINT WARNING * * *
The faun shoots a stone.
The stone hits you!
* * * LOW HITPOINT WARNING * * *
You fly upwards.
Welcome back to the Lair of Beasts!
You die...

#....##.#.# #....####P..##..##.
#......#### #..### ##..#.#####.
##.<.### ###########P....#.###.
.......# #≈≈≈≈≈≈≈≈........##.#.
.#...#.# ##≈≈≈≈≈≈≈≈≈............
.......# #≈≈≈#####≈≈≈........#.#
.......####≈≈##...##≈≈........#.#
........##P≈≈#.ES..#≈≈.......<...
.......####≈≈#..@..#≈≈.......!...
.......##≈≈≈≈#.....#≈≈........#..
.......####≈≈##...##≈≈.......##.#
........##≈≈≈≈##'##≈≈≈......##...
.......####≈≈≈≈≈.≈≈≈≈.....##.##..
.......# #P#≈≈≈.≈≈≈............#
......## ######................#
.....## #................##
....## #..#.(...........#


You could see a sea snake and a water elemental.

Vanquished Creatures
  Gastronok (D:9)
  3 orc warlords
  A merfolk impaler (Shoals:1)
  8 hydras
  Fannar (D:11)
  3 catoblepae
  A centaur warrior (D:14)
  12 two-headed ogres
  A death knight (D:13)
  4 death yaks (Lair:6)
  An ogre mage (D:15)
  3 orc high priests (Orc:2)
  Urug (D:14)
  6 skeletal warriors
  A shadow wraith (D:14)
  A deep troll (D:14)
  A glowing orange brain (shapeshifter) (D:14)
  A lindwurm (Lair:4)
  An orc knight (D:11)
  Pikel (D:5)
  4 deep elf magi
  2 orc sorcerers
  3 wolf spiders (Lair:3)
  4 ugly things
  3 manticores
  4 cyclopes
  6 black mambas
  3 gargoyles
  10 spiny frogs
  5 centaur skeletons
  A centaur zombie (D:12)
  4 rime drakes
  A redback zombie (D:15)
  9 komodo dragons
  A kobold demonologist (D:11)
  2 freezing wraiths (D:13)
  2 meliai (Lair:3)
  4 trolls
  11 polar bears
  A merfolk (Shoals:1)
  A jumping spider (Lair:3)
  A wind drake (Shoals:1)
  6 hornets
  9 hippogriffs
  A snapping turtle (Lair:3)
  23 blink frogs
  2 dream sheep (Lair:6)
  Prince Ribbit (D:7)
  3 slime creatures (D:13)
  14 spriggans (Lair:6)
  A water elemental (Lair:3)
  4 tarantellas (Lair:3)
  A basilisk (Lair:3)
  Eustachio (D:4)
  A shadow (D:12)
  3 redbacks (Lair:3)
  2 vampires (D:15)
  2 wraiths
  2 wyverns
  5 hungry ghosts
  A steam dragon (D:7)
  38 yaks
  4 vampire mosquitoes (D:15)
  6 wargs
  A soldier ant (D:12)
  An acid dragon (D:12)
  15 water moccasins
  6 porcupines
  A water moccasin (shapeshifter) (D:14)
  4 sky beasts
  4 phantoms
  3 hornet zombies
  A slave (D:5)
  40 orc warriors
  2 ice beasts
  9 ogres
  2 necrophages
  3 boggarts (Lair:6)
  49 wolves
  11 centaurs
  18 crocodiles
  Blork the orc (D:4)
  3 big kobolds
  17 bullfrogs
  A gnoll sergeant (D:9)
  7 scorpions
  14 killer bees
  An electric eel (Lair:3)
  9 wights
  4 crimson imps
  3 bullfrog zombies
  2 quasits
  7 jellies
  A gnoll shaman (D:7)
  7 hounds
  17 orc priests
  4 bullfrog skeletons
  Jessica (D:9)
  Terence (D:3)
  6 iguanas
  33 orc wizards
  15 worker ants
  A hound zombie (D:11)
  2 hound skeletons (D:9)
  2 worker ant zombies
  9 gnolls
  7 river rats
  12 adders
  3 shadow imps
  An ooze (Sewer)
  3 adder skeletons
  5 worms
  2 dart slugs
  4 leopard geckos
  118 orcs
  4 ball pythons
  4 giant cockroaches
  7 goblins
  2 hobgoblins
  2 jackals (D:1)
  23 kobolds
  5 quokkas
  A ball python zombie (D:5)
  4 bats
  6 frilled lizards
  A leopard gecko skeleton (D:9)
  22 rats
  A fungus (Lair:2)
839 creatures vanquished.

Vanquished Creatures (others)
  An orc wizard (D:14)
  A worker ant (D:13)
  A hound zombie (D:6)
  A quokka (D:11)
  8 fungi
  3 plants
15 creatures vanquished.

Grand Total: 854 creatures vanquished

Notes
Turn   | Place    | Note
-------+----------+-------------------------------------------
     0 | D:1      | Mesmaeker13 the Demigod Wanderer began the quest for the Orb.
     0 | D:1      | Mesmaeker13 set off with: a +2 falchion, the Papyrus of the Wheelwright, the Tome of the Entourage, a +0 robe, a +0 dagger, a ration
     0 | D:1      | Reached XP level 1. HP: 16/16 MP: 7/7
     1 | D:1      | Identified the Papyrus of the Wheelwright
     1 | D:1      | Identified the Tome of the Entourage
   865 | D:1      | Reached XP level 2. HP: 17/23 MP: 9/9
  1289 | D:2      | Reached skill level 1 in Armour
  1752 | D:2      | Reached XP level 3. HP: 24/29 MP: 10/10
  2106 | D:3      | Found a glowing drain.
  2136 | Sewer    | Entered a sewer
  2379 | Sewer    | Reached XP level 4. HP: 15/36 MP: 12/12
  3360 | Sewer    | Noticed a big kobold
  3366 | Sewer    | Reached XP level 5. HP: 39/42 MP: 13/13
  4281 | D:3      | Found a bloodstained altar of Trog.
  4830 | D:3      | Found a burning altar of Makhleb.
  4936 | D:3      | Noticed Terence
  4946 | D:3      | Killed Terence
  4946 | D:3      | Reached XP level 6. HP: 42/51 MP: 14/14
  5093 | D:4      | Found Noycsul's Distillery.
  5096 | D:4      | Bought a potion of heal wounds for 55 gold pieces
  5370 | D:4      | Noticed Blork the orc
  5392 | D:4      | Killed Blork the orc
  5678 | D:4      | Noticed Eustachio
  5714 | D:4      | Killed Eustachio
  6250 | D:4      | Reached XP level 7. HP: 56/59 MP: 15/15
  6559 | D:5      | Entered Level 5 of the Dungeon
  6722 | D:5      | Found a basalt altar of Yredelemnul.
  6722 | D:5      | Found a shattered altar of Ashenzari.
  6774 | D:5      | Found an ornate altar of the Wu Jian Council.
  6884 | D:5      | Found Ydimm's Food Shoppe.
  6901 | D:5      | Learned a level 2 spell: Slow
  7423 | D:5      | Reached skill level 1 in Hexes
  7621 | D:5      | Found a blossoming altar of Fedhas.
  7624 | D:5      | Found a snail-covered altar of Cheibriados.
  7626 | D:5      | Found a stormy altar of Qazlal.
  7763 | D:5      | Reached skill level 5 in Long Blades
  7816 | D:6      | Noticed Pikel
  7841 | D:5      | HP: 1/60 [slave[Pikel] (8)]
  8272 | D:5      | Killed Pikel
  8272 | D:5      | Reached skill level 5 in Fighting
  8272 | D:5      | Reached skill level 5 in Armour
  8272 | D:5      | Reached XP level 8. HP: 44/68 MP: 16/16
  8424 | D:6      | Found a staircase to the Ecumenical Temple.
  8738 | D:6      | Gained mutation: Your system is resistant to poisons. (rPois) [potion of mutation]
  8738 | D:6      | Gained mutation: You are partially covered in thin metallic scales. (AC +2) [potion of mutation]
  8738 | D:6      | Gained mutation: You are somewhat resistant to further mutation. [potion of mutation]
 10083 | D:7      | Reached XP level 9. HP: 46/75 MP: 17/17
 10091 | D:7      | Got a bone mace
 10099 | D:7      | Identified the +2 mace of Prudence {holy, MP+9 Int+2 Dex+4} (You found it on level 7 of the Dungeon)
 10410 | D:7      | Noticed Prince Ribbit
 10423 | D:7      | Killed Prince Ribbit
 10674 | D:7      | Found Wyodi's Book Shoppe.
 11591 | D:7      | Bought a book of Necromancy for 390 gold pieces
 11596 | D:7      | Learned a level 3 spell: Regeneration
 11749 | D:8      | Reached skill level 1 in Necromancy
 11932 | D:8      | Found a staircase to the Lair.
 13125 | D:9      | Reached XP level 10. HP: 75/86 MP: 18/18
 13825 | D:9      | Noticed Gastronok
 13855 | D:9      | Killed Gastronok
 14340 | D:9      | Found a shadowy altar of Dithmenos.
 14411 | D:9      | Noticed Jessica
 14418 | D:9      | Killed Jessica
 14423 | D:9      | Found a deep blue altar of Sif Muna.
 14557 | D:10     | Entered Level 10 of the Dungeon
 14761 | D:10     | Noticed a two-headed ogre
 14783 | D:10     | Killed a two-headed ogre
 15893 | D:10     | Reached skill level 5 in Necromancy
 16298 | D:10     | Reached XP level 11. HP: 91/95 MP: 20/20
 16716 | Lair:1   | Entered Level 1 of the Lair of Beasts
 16761 | D:11     | Paralysed by a hornet for 2 turns
 16847 | D:11     | Identified a scroll of acquirement
 16948 | D:11     | Reached skill level 1 in Shields
 17133 | D:11     | Found a staircase to the Orcish Mines.
 17701 | D:11     | Noticed a two-headed ogre
 17716 | D:11     | Killed a two-headed ogre
 17836 | D:11     | Found a white marble altar of Elyvilon.
 18281 | D:11     | Noticed a two-headed ogre
 18293 | D:11     | Killed a two-headed ogre
 20031 | Lair:2   | Noticed a seven-headed hydra
 20246 | Orc:1    | Entered Level 1 of the Orcish Mines
 20246 | Orc:1    | Noticed Fannar
 20267 | D:11     | Killed Fannar
 20273 | Orc:1    | Noticed an orc warlord
 20323 | D:12     | Reached XP level 12. HP: 106/106 MP: 21/21
 20407 | D:12     | Noticed a centaur warrior
 20412 | D:12     | Found a large runed door.
 20413 | D:12     | Found a large runed door.
 20426 | D:12     | Noticed a centaur warrior
 20443 | D:12     | Noticed a six-headed hydra
 20460 | D:12     | Killed an 11-headed hydra
 20460 | D:12     | Reached skill level 10 in Long Blades
 20596 | D:12     | Reached skill level 5 in Shields
 20744 | D:12     | Reached skill level 10 in Fighting
 21083 | D:12     | Reached skill level 10 in Armour
 21658 | D:12     | Noticed a naga warrior
 22264 | D:13     | Noticed a death knight
 22292 | D:13     | Killed a death knight
 22927 | D:13     | Found a blossoming altar of Fedhas.
 23123 | D:13     | Found an ornate altar of the Wu Jian Council.
 23470 | D:14     | Noticed a centaur warrior
 23481 | D:14     | Killed a centaur warrior
 23512 | D:14     | Noticed a five-headed hydra
 23699 | D:14     | Reached XP level 13. HP: 115/115 MP: 22/22
 23791 | D:14     | Noticed Urug
 23839 | D:14     | Killed Urug
 25482 | Lair:3   | Found a staircase to the Shoals.
 26104 | Lair:3   | Found a hole to the Spider Nest.
 27283 | Lair:4   | Got a heavily runed golden ring
 27289 | Lair:4   | Identified the ring "Bajos" {Ice rElec rN+} (You found it on level 4 of the Lair of Beasts)
 28204 | Lair:6   | Entered Level 6 of the Lair of Beasts
 28455 | Lair:6   | Reached XP level 14. HP: 110/125 MP: 19/23
 29243 | Lair:6   | Found a viscous altar of Jiyva.
 29243 | Lair:6   | Found a staircase to the Slime Pits.
 30474 | D:11     | Killed an orc warlord
 31029 | Orc:2    | Entered Level 2 of the Orcish Mines
 31582 | Orc:2    | Found a roughly hewn altar of Beogh.
 31594 | Orc:2    | Found Xuin's Assorted Antiques.
 31717 | Orc:2    | Noticed an orc warlord
 31757 | Orc:1    | Killed an orc warlord
 32045 | Orc:2    | Found a roughly hewn altar of Beogh.
 32046 | Orc:2    | Found Wuxeicim's General Store.
 32162 | Orc:2    | Reached skill level 10 in Shields
 32250 | Orc:2    | Found a staircase to the Elven Halls.
 32387 | Orc:2    | Noticed an orc warlord
 32483 | Orc:1    | Killed an orc warlord
 32910 | Orc:2    | Found Toffoj's Antique Armour Shoppe.
 32912 | Orc:2    | Found a roughly hewn altar of Beogh.
 32915 | Orc:2    | Found Ciudirec's Antique Weapon Emporium.
 32934 | Orc:2    | Bought a pair of runed boots for 157 gold pieces
 33189 | Orc:2    | Bought a scroll of teleportation for 36 gold pieces
 33215 | Orc:2    | Bought a scroll of identify for 76 gold pieces
 33215 | Orc:2    | Bought a notched ivory ring for 190 gold pieces
 33604 | D:14     | Reached XP level 15. HP: 129/134 MP: 22/24
 33709 | D:14     | Found a gate to the Vaults.
 33788 | D:15     | Entered Level 15 of the Dungeon
 34212 | D:15     | Found a corrupted altar of Lugonu.
 34718 | D:15     | Found a staircase to the Depths.
 35022 | D:15     | Found a portal to a secret trove of treasure.
 35308 | Spider:1 | Entered Level 1 of the Spider Nest
 35480 | Spider:1 | Noticed Agnes
 35883 | Shoals:1 | Entered Level 1 of the Shoals
 36142 | Shoals:1 | HP: 3/136 [faun/stone (10)]
 36143 | Lair:3   | Drowned by a water elemental

Skill      XL: |  1  2  3  4  5  6  7  8  9 10 11 12 13 14 15 |
---------------+----------------------------------------------+-----
Long Blades    | 2 3 4 5 6 7 8 9 11 12 13 | 13.3
Armour         | 1 2 3 5 7 8 9 10 11 12 13 | 13.2
Fighting       | 2 3 4 5 6 7 8 9 10 11 12 13 | 13.2
Hexes          | 2 3 4 |  4.4
Necromancy     | 2 5 |  5.0
Shields        | 4 6 8 10 | 10.8
Stealth        | |  1.7
Spellcasting   | |  3.6
Earth Magic    | |  1.0

Action                   |  1- 3 |  4- 6 |  7- 9 | 10-12 | 13-15 || total
-------------------------+-------+-------+-------+-------+-------++-------
Melee: Falchion          |   110 |   246 |   331 |     3 |       ||   690
       Long sword        |       |       |   291 |   259 |       ||   550
       Scimitar          |       |       |       |   814 |  1838 ||  2652
       Morningstar       |       |       |       |       |    17 ||    17
Throw: Javelin           |       |       |     7 |     7 |    11 ||    25
 Cast: Slow              |       |       |     1 |     1 |       ||     2
Evoke: Wand              |       |     2 |     7 |     3 |       ||    12
  Use: Scroll            |     4 |     5 |    11 |    18 |    15 ||    53
       Potion            |     2 |     1 |     3 |    11 |    13 ||    30
 Stab: Sleeping          |     3 |       |       |       |       ||     3
       Invisible         |     1 |       |     1 |     5 |     1 ||     8
       Petrified         |       |       |       |       |     4 ||     4
  Eat: Chunk             |     5 |     8 |    17 |    18 |    29 ||    77
       Ration            |       |     1 |     2 |     8 |     4 ||    15
Armor: Robe              |    11 |       |       |       |       ||    11
       Ring mail         |    36 |    59 |       |       |       ||    95
       Scale mail        |       |    32 |   208 |       |       ||   240
       Chain mail        |       |       |    82 |   365 |   625 ||  1072
       Plate armour      |       |       |       |       |   327 ||   327
       Skin              |       |       |       |       |    35 ||    35
Dodge: Dodged            |    75 |   101 |   327 |   284 |   591 ||  1378
Block: Large shield      |       |       |       |   595 |  1835 ||  2430
       Reflection        |       |       |       |       |     9 ||     9
       Rpst.: Falchion   |    18 |    29 |    43 |     2 |       ||    92
       Long sword        |       |       |    53 |    34 |       ||    87
       Scimitar          |       |       |       |    48 |   118 ||   166
